 Dungeon Sprint DCSS version 0.17-a0-2093-gc772f4b (webtiles) character file.

4714 Kidiri the Zephyrmancer (level 10, -2/69 HPs)
             Began as a High Elf Air Elementalist on Oct 16, 2015.
             Was the Champion of Vehumet.
             Slain by a shadow wraith (4 damage)
             ... in the Dungeon (Sprint VII: "The Pits").
             The game lasted 00:11:55 (1810 turns).

Kidiri the Zephyrmancer (High Elf Air Elementalist) Turns: 1810, Time: 00:11:56

Health: -2/69      AC: 12    Str:  7    XL:     10   Next: 22%
Magic:  17/25      EV: 20    Int: 22    God:    Vehumet [******]
Gold:   0          SH:  0    Dex: 20    Spells: 8 memorised, 5 levels left

rFire  . . .     SeeInvis .     x - +4 quarterstaff (speed)
rCold  . . .     Clarity  .     a - +5 ring mail
rNeg   . . .     SustAt   .     (no shield)
rPois  .         Gourm    .     (no helmet)
rElec  .         Spirit   .     (no cloak)
rCorr  .         Warding  .     p - +0 pair of gloves
rMut   .         NoTele   +     (no boots)
MR     +....                    (no amulet)
Stlth  ++........               u - +3 ring of evasion
                                t - +3 ring of dexterity

@: slowed, repel missiles, very slow, somewhat resistant to hostile
enchantments, unstealthy
A: no striking features
a: Renounce Religion


You were in the Dungeon.
You worshipped Vehumet.
Vehumet was exalted by your worship.
You were near starving.

You visited 1 branch

Inventory:

Hand Weapons
 x - a +4 quarterstaff of speed (weapon)
Armour
 a - a +5 ring mail (worn)
 p - a +0 pair of gloves (worn)
 s - a +2 robe of positive energy
Jewellery
 t - a +3 ring of dexterity (left hand)
 u - a +3 ring of evasion (right hand)
Wands
 i - a wand of teleportation (5)
Scrolls
 m - 3 scrolls of remove curse
 n - 5 scrolls of amnesia
 o - a scroll of summoning
Potions
 d - 5 potions of curing
 e - a potion of heal wounds
 f - 2 potions of haste
 g - a potion of magic
 h - 3 potions of berserk rage
 l - 2 potions of invisibility
 v - 2 potions of resistance
 w - a potion of cure mutation
Books
 b - a book of Air

   Spells                             Type                      Level
   a - Shock                          Conjuration/Air              1
   b - Swiftness                      Charms/Air                   2
   c - Repel Missiles                 Charms/Air                   2
   d - Static Discharge               Conjuration/Air              3
   e - Lightning Bolt                 Conjuration/Air              5
Comestibles
 c - 7 bread rations
 j - 40 fruits
 k - 7 meat rations


   Skills:
 + Level 6.8 Fighting
 + Level 6.8 Staves
 + Level 6.4 Armour
 * Level 11.1 Dodging
 - Level 2.1 Stealth
 * Level 10.8 Spellcasting
 + Level 7.9 Conjurations
 + Level 4.4 Hexes
 + Level 8.1 Charms
 + Level 3.8 Ice Magic
 * Level 12.1 Air Magic
 + Level 4.4 Poison Magic


You had 5 spell levels left.
You knew the following spells:

 Your Spells              Type           Power        Failure   Level  Hunger
a - Shock                 Conj/Air       ####         1%          1    None
b - Repel Missiles        Chrm/Air       ######       1%          2    None
c - Swiftness             Chrm/Air       ######..     1%          2    None
d - Static Discharge      Conj/Air       ######..     1%          3    None
e - Lightning Bolt        Conj/Air       ######....   2%          5    ####...
f - Mephitic Cloud        Conj/Pois/Air  #####...     1%          3    None
g - Dazzling Spray        Conj/Hex       #####...     1%          3    None
h - Freezing Cloud        Conj/Ice/Air   #####.....   41%         6    ######.


Dungeon Overview and Level Annotations

Branches:
Dungeon (1/1)

Altars:
Ashenzari
Cheibriados
Dithmenos
Elyvilon
Fedhas
Gozag
Kikubaaqudgha
Makhleb
Nemelex Xobeh
Okawaru
Qazlal
Ru
Sif Muna
Trog
Vehumet
Xom
Yredelemnul
Zin
The Shining One
Beogh
Jiyva
Lugonu


Message History

You feel your power returning.
The bolt of lightning misses the giant leech.
The sheep bellows!
You are near starving!
You hear an angry buzzing noise.
You hear a bellow!
You hear an angry buzzing noise.
The griffon closely misses you. The griffon pecks you.
* * * LOW HITPOINT WARNING * * *
The griffon barely misses you. Something hits you.
* * * LOW HITPOINT WARNING * * *
Something drains your vigour!
You feel as though you will be slow longer.
* * * LOW HITPOINT WARNING * * *
Deactivating autopickup; reactivate with Ctrl-A.
The griffon closely misses you. The griffon pecks you.
* * * LOW HITPOINT WARNING * * *
The griffon claws you.
* * * LOW HITPOINT WARNING * * *
Something hits you.
You die...

..##.......##(.#...##
..##.......##.(c..##
####.......##(##..#
..#############...+
.#############....# ##
.#....#..[[##..#..## #.y
+#....#..[[##.###..## 'y
)+%÷..+..))####.##..#o##
+#....#..))# #†.@Hyw'Y.#
.#....#..))##...{#..##.....
##################### ###


You could see a griffon, a giant leech, a vampire mosquito, a sheep and an orc.

Vanquished Creatures
  A merfolk impaler (D)
  Erolcha (D)
  An orc sorcerer (D)
  A griffon (D)
  An orange demon (D)
  A komodo dragon (D)
  A polar bear (D)
  3 merfolk (D)
  A shadow (D)
  A vampire mosquito (D)
  A basilisk (D)
  Menkaure (D)
  A wolf (D)
  A warg (D)
  2 eyes of draining (D)
  A necrophage (D)
  A brain worm (D)
  A scorpion (D)
  An orc priest (D)
  A gnoll shaman (D)
  2 adders (D)
  4 gnolls (D)
  A white imp (D)
  2 giant eyeballs (D)
  An ufetubus (D)
  An ooze (D)
  An orc (D)
  2 bats (D)
  2 giant cockroaches (D)
  2 kobolds (D)
  2 quokkas (D)
  A rat (D)
44 creatures vanquished.

Notes
Turn   | Place    | Note
--------------------------------------------------------------
     0 | D        | Kidiri the High Elf Air Elementalist began the quest for the Orb.
     0 | D        | Reached XP level 1. HP: 11/11 MP: 4/4
    68 | D        | Found a sacrificial altar of Ru.
    68 | D        | Found a basalt altar of Yredelemnul.
    68 | D        | Found a shadowy altar of Dithmenos.
    68 | D        | Found a deep blue altar of Sif Muna.
    68 | D        | Found a burning altar of Makhleb.
    68 | D        | Found a shimmering altar of Xom.
    68 | D        | Found an ancient bone altar of Kikubaaqudgha.
    68 | D        | Found a sparkling altar of Nemelex Xobeh.
    69 | D        | Found a glowing golden altar of the Shining One.
    69 | D        | Found a bloodstained altar of Trog.
    69 | D        | Found a shattered altar of Ashenzari.
    69 | D        | Found a white marble altar of Elyvilon.
    69 | D        | Found a snail-covered altar of Cheibriados.
    69 | D        | Found a blossoming altar of Fedhas.
    69 | D        | Found a radiant altar of Vehumet.
    69 | D        | Found a glowing silver altar of Zin.
    69 | D        | Found a corrupted altar of Lugonu.
    69 | D        | Found a viscous altar of Jiyva.
    69 | D        | Found a roughly hewn altar of Beogh.
    69 | D        | Found an iron altar of Okawaru.
    75 | D        | Found a stormy altar of Qazlal.
    75 | D        | Found an opulent altar of Gozag.
    77 | D        | Became a worshipper of Vehumet
   128 | D        | Reached * piety under Vehumet
   128 | D        | Offered knowledge of Sandblast by Vehumet.
   128 | D        | Reached skill level 1 in Armour
   128 | D        | Reached skill level 4 in Air Magic
   128 | D        | Reached XP level 2. HP: 18/18 MP: 4/6
   133 | D        | Learned a level 2 spell: Repel Missiles
   136 | D        | Learned a level 2 spell: Swiftness
   165 | D        | Noticed a brain worm
   167 | D        | Reached skill level 1 in Fighting
   167 | D        | Reached ** piety under Vehumet
   176 | D        | Killed a brain worm
   176 | D        | Reached skill level 1 in Staves
   176 | D        | Reached skill level 5 in Air Magic
   176 | D        | Reached XP level 3. HP: 18/24 MP: 1/9
   176 | D        | Reached XP level 4. HP: 21/29 MP: 1/11
   183 | D        | Learned a level 3 spell: Static Discharge
   377 | D        | Noticed a warg
   379 | D        | Noticed a gnoll shaman
   379 | D        | Noticed a scorpion
   381 | D        | Noticed a wolf
   388 | D        | Offered knowledge of Throw Frost by Vehumet.
   391 | D        | Reached *** piety under Vehumet
   396 | D        | Killed a wolf
   396 | D        | Reached skill level 6 in Dodging
   396 | D        | Reached skill level 5 in Spellcasting
   396 | D        | Reached skill level 7 in Air Magic
   396 | D        | Reached XP level 5. HP: 16/36 MP: 0/14
   398 | D        | Killed a warg
   398 | D        | Reached XP level 6. HP: 19/43 MP: 14/16
   398 | D        | Killed a scorpion
   399 | D        | Killed a gnoll shaman
   399 | D        | Reached **** piety under Vehumet
   399 | D        | Reached skill level 8 in Air Magic
   574 | D        | Learned a level 5 spell: Lightning Bolt
   579 | D        | Paralysed by a giant eyeball for 4 turns
   584 | D        | Offered knowledge of Mephitic Cloud by Vehumet.
   648 | D        | Learned a level 3 spell: Mephitic Cloud
   658 | D        | Offered knowledge of Throw Icicle by Vehumet.
   658 | D        | Reached ***** piety under Vehumet
   658 | D        | Reached skill level 5 in Conjurations
   744 | D        | Noticed an orc sorcerer
   750 | D        | Killed an orc sorcerer
   750 | D        | Reached skill level 5 in Charms
   750 | D        | Reached skill level 9 in Air Magic
   750 | D        | Reached skill level 1 in Poison Magic
   750 | D        | Reached XP level 7. HP: 16/49 MP: 11/19
  1064 | D        | Noticed Menkaure
  1065 | D        | Killed Menkaure
  1065 | D        | Offered knowledge of Dazzling Spray by Vehumet.
  1065 | D        | Reached skill level 5 in Fighting
  1088 | D        | Learned a level 3 spell: Dazzling Spray
  1108 | D        | Noticed a necrophage
  1108 | D        | Noticed an eye of draining
  1108 | D        | Noticed a griffon
  1111 | D        | Killed a necrophage
  1111 | D        | Offered knowledge of Freezing Cloud by Vehumet.
  1111 | D        | Reached skill level 5 in Staves
  1111 | D        | Reached XP level 8. HP: 55/55 MP: 4/21
  1115 | D        | Killed an eye of draining
  1119 | D        | Killed a griffon
  1119 | D        | Reached skill level 5 in Armour
  1119 | D        | Reached skill level 10 in Air Magic
  1132 | D        | Learned a level 6 spell: Freezing Cloud
  1344 | D        | Noticed an orange demon
  1344 | D        | Noticed a komodo dragon
  1354 | D        | Killed a komodo dragon
  1354 | D        | Reached skill level 1 in Ice Magic
  1363 | D        | Killed an orange demon
  1363 | D        | Reached XP level 9. HP: 57/62 MP: 3/23
  1468 | D        | Noticed a merfolk impaler
  1468 | D        | Noticed a merfolk
  1468 | D        | Noticed a merfolk
  1468 | D        | Noticed a merfolk
  1472 | D        | Noticed a polar bear
  1506 | D        | Killed a merfolk
  1507 | D        | Killed a merfolk impaler
  1507 | D        | Reached skill level 10 in Dodging
  1507 | D        | Reached skill level 10 in Spellcasting
  1507 | D        | Reached skill level 11 in Air Magic
  1510 | D        | Killed a merfolk
  1511 | D        | Killed a polar bear
  1512 | D        | Killed a merfolk
  1512 | D        | Reached ****** piety under Vehumet
  1512 | D        | Offered knowledge of Force Lance by Vehumet.
  1612 | D        | Noticed an eye of draining
  1616 | D        | Killed an eye of draining
  1619 | D        | Noticed Erolcha
  1638 | D        | Killed Erolcha
  1638 | D        | Reached XP level 10. HP: 44/69 MP: 5/25
  1774 | D        | Noticed a basilisk
  1781 | D        | Killed a basilisk
  1781 | D        | Reached skill level 12 in Air Magic
  1782 | D        | Noticed a griffon
  1783 | D        | Noticed a vampire mosquito
  1784 | D        | Noticed a vampire mosquito
  1784 | D        | Noticed a vampire mosquito
  1792 | D        | HP: 3/69 [something (10)]
  1797 | D        | HP: 2/69 [something (7)]
  1801 | D        | Noticed a centaur warrior
  1804 | D        | Noticed an orc priest
  1805 | D        | Noticed a shadow
  1806 | D        | Killed an orc priest
  1809 | D        | Noticed a giant leech
  1809 | D        | Killed a shadow
  1809 | D        | Offered knowledge of Orb of Destruction by Vehumet.
  1810 | D        | Killed a vampire mosquito
  1810 | D        | HP: 2/69 [griffon (2)]
  1810 | D        | Slain by a shadow wraith

Vault maps used:
D:        pitsprint

Action                   |  1- 3 |  4- 6 |  7- 9 | 10-12 || total
-------------------------+-------+-------+-------+-------++-------
Melee: Quarterstaff      |     2 |     6 |     7 |     7 ||    22
 Cast: Shock             |    14 |    21 |    16 |     2 ||    53
       Static Discharge  |       |     4 |     1 |       ||     5
       Lightning Bolt    |       |       |    15 |     8 ||    23
       Dazzling Spray    |       |       |     2 |       ||     2
       Mephitic Cloud    |       |       |     2 |     2 ||     4
       Swiftness         |       |       |     2 |     1 ||     3
       Repel Missiles    |       |       |     1 |       ||     1
  Use: Potion            |       |     1 |     6 |    10 ||    17
       Scroll            |       |       |     1 |       ||     1
  Eat: Bread ration      |       |       |     1 |       ||     1
       Chunk             |       |       |       |     1 ||     1
